 Dungeon Crawl Stone Soup version 0.29.1-12-g30fa7ad0bf (webtiles) character file.

Game seed: 6202073795540038768

1 croobank the Sneak (level 1, 0/18 HPs)
             Began as a Demonspawn Delver on Jan 3, 2023.
             Succumbed to an adder's poison
             ... on level 2 of the Dungeon.
             The game lasted 00:02:06 (236 turns).

croobank the Sneak (Demonspawn Delver)               Turns: 236, Time: 00:02:06

Health: 0/18       AC:  3    Str: 12    XL:     1   Next: 16%
Magic:  1/1        EV: 11    Int: 11    God:
Gold:   23         SH:  0    Dex: 14    Spells: 0/0 levels left

rFire   . . .      SeeInvis .   a - +0 hand axe
rCold   . . .      Faith    .   (no shield)
rNeg    . . .      Spirit   .   b - +0 leather armour
rPois   .          Reflect  .   (no helmet)
rElec   .          Harm     .   (no cloak)
rCorr   .          Rampage  .   (no gloves)
Will    .....                   (no boots)
Stlth   ++........              (no amulet)
HPRegen 0.06/turn               (no ring)
MPRegen 0.07/turn               (no ring)

@: lethally poisoned (0 -> -1), hasted, very quick
A: no striking features
a: no special abilities


You were on level 2 of the Dungeon.
You visited 1 branch of the dungeon, and saw 5 of its levels.

You collected 23 gold pieces.

Inventory:

Hand Weapons
 a - a +0 hand axe (weapon)
Missiles
 e - 2 poisoned darts (quivered)
Armour
 b - a +0 leather armour (worn)
Wands
 g - a wand of digging (3)
Scrolls
 c - a scroll of fog
 d - a scroll of magic mapping
Potions
 f - a potion of haste


   Skills:
 + Level 3.0 Fighting
 + Level 1.8 Axes
 + Level 1.8 Dodging
 + Level 4.5 Stealth


You couldn't memorise any spells.
You didn't know any spells.
Your spell library was empty.

Dungeon Overview and Level Annotations

Branches:
Dungeon (6/15)             Temple (0/1) D:5

Altars:


Message History

The adder bites you.
You are poisoned.
The adder poisons you!
You feel sick. The adder barely misses you.
You closely miss the adder.
You feel sick. The adder misses you.
You hit the adder but do no damage.
You feel sick. The adder closely misses you. The adder barely misses you.
You hit the adder.
The adder is moderately wounded.
You feel sick. The adder barely misses you.
You closely miss the adder. You punch the adder.
The adder is heavily wounded.
You feel sick.
You are no longer poisoned.
The adder closely misses you. The adder bites you.
Throw: 3 darts (poison)
Press: ? - help, Q - select action Shift-Dir - straight line, f - adder
Aim: an adder (heavily wounded, 40% to hit)
You throw a poisoned dart. The poisoned dart hits the adder.
The adder is heavily wounded.
The adder misses you.
As you read the scroll labelled CEMENU BOMUSYV, it crumbles to dust.
It is a scroll of amnesia.
You feel forgetful for a moment. The adder bites you.
* * * LOW HITPOINT WARNING * * *
You are lethally poisoned!
The adder poisons you!
Okay, then.
You feel yourself speed up.
* * * LOW HITPOINT WARNING * * *
You feel sick. The adder misses you. The adder barely misses you.
Unknown command.
* * * LOW HITPOINT WARNING * * *
You feel sick.
* * * LOW HITPOINT WARNING * * *
You feel sick.
* * * LOW HITPOINT WARNING * * *
You feel sick.
There is a stone staircase leading down here.
You die...

...[.....#..# #.#
#######..#..######
#.#
.........#........
#.######
#######.##..######
#......#
#.......#....#
########
#.#.......##.#
#.#...#.#..#.# #
#.#.#.#..#.#
#.#.#.# K#@#
#.#.#.#.####.#
#......(...S.#
.#######.######
..r......#
.#########


You could see an adder.

Vanquished Creatures
  A quokka (D:2)
1 creature vanquished.

Notes
Turn   | Place    | Note
-------+----------+-------------------------------------------
     0 | D:5      | croobank the Demonspawn Delver began the quest for the Orb.
     0 | D:5      | Reached XP level 1. HP: 18/18 MP: 1/1
     2 | D:6      | Noticed a sky beast
    15 | D:6      | Noticed a centaur
    31 | D:5      | Noticed a scorpion
    32 | D:5      | Found a staircase to the Ecumenical Temple.
   236 | D:2      | Succumbed to an adder's poison

Illustrated notes

Levels and vault maps discovered:
D:2:      layout_basic, uniq_terence
D:3:      layout_basic, regret_index_temple_of_mockery,
          nicolae_gozag_seed_capital, shapermc_ecumenical_altar_flowoftime,
          grunt_ministairs_13
D:4:      layout_gridville, dk_rats_in_the_wall
D:5:      layout_basic, minmay_temple_entry_stoned_glass, uniq_blork_the_orc,
          uniq_prince_ribbit1
D:6:      layout_loops_ring, chequers_temple_overflow_minitemple

Action                   || total
-------------------------++-------
Melee: Hand axe          ||     5
       Punch             ||     1
Throw: Dart              ||     1
  Use: Scroll            ||     2
       Potion            ||     1
Dodge: Dodged            ||    10
